 Dungeon Crawl Stone Soup version 0.24.1-14-gf8d2b50 (webtiles) character file.

Game seed: 10825477694412768486, levelgen mode: deterministic

666 shmeve the Skirmisher (level 7, -10/64 HPs)
             Began as a Minotaur Berserker on June 14, 2020.
             Was a Priest of Trog.
             Splashed by Pikel's acid (14 damage)
             ... on level 5 of the Dungeon.
             The game lasted 00:06:08 (4033 turns).

shmeve the Skirmisher (Minotaur Berserker)          Turns: 4033, Time: 00:06:08

Health: -10/64     AC:  0    Str: 22    XL:     7   Next: 31%
Magic:  0/6        EV:  7    Int:  5    God:    Trog [***...]
Gold:   106        SH:  0    Dex: 10    Spells: 6/6 levels left

rFire    . . .     SeeInvis .   a - +0 hand axe
rCold    . . .     Gourm    .   (no shield)
rNeg     . . .     Faith    .   s - +0 plate armour
rPois    .         Spirit   +   (helmet restricted)
rElec    .         Reflect  .   f - scarf {Spirit}
rCorr    .         Harm     .   (no gloves)
MR       ++...                  (no boots)
Stlth    ..........             (no amulet)
HPRegen  1.20/turn              (no ring)
MPRegen  0.10/turn              (no ring)

@: corroded, regenerating
A: retaliatory headbutt, horns 2
a: Berserk, Trog's Hand, Renounce Religion


You were on level 5 of the Dungeon.
You worshipped Trog.
Trog was most pleased with you.
You were hungry.

You visited 2 branches of the dungeon, and saw 6 of its levels.

You collected 211 gold pieces.
You spent 105 gold pieces at shops.

Inventory:

Hand Weapons
 a - a +0 hand axe (weapon)
Missiles
 g - 3 javelins
 o - 8 boomerangs (quivered)
Armour
 f - a scarf of spirit shield (worn)
 s - a +0 plate armour (worn)
Jewellery
 b - an uncursed ring of flight {unknown}
 i - a cursed -4 ring of strength {unknown}
 y - an uncursed ring of ice {unknown}
Wands
 A - a wand of polymorph (6)
Scrolls
 e - a scroll of enchant weapon {unknown}
 h - 4 scrolls of remove curse
 j - 2 scrolls of amnesia {unknown}
 m - 2 scrolls of immolation {unknown}
 p - 2 scrolls of magic mapping {unknown}
 q - a scroll of random uselessness {unknown}
 t - a scroll of teleportation {unknown}
 w - 5 scrolls of identify {unknown}
Potions
 d - a potion of agility
 k - a potion of haste {unknown}
 l - a potion of ambrosia {unknown}
 n - a potion of heal wounds {unknown}
 r - 2 potions of curing {unknown}
 u - a potion of flight {unknown}
 v - a potion of might {unknown}
 x - a potion of mutation {unknown}
Comestibles
 c - 6 rations
 z - a chunk of flesh


   Skills:
 * Level 6.4 Fighting
 * Level 6.2 Axes
 + Level 2.7 Throwing
 + Level 4.2 Armour
 + Level 3.8 Dodging


You had 6 spell levels left.
You didn't know any spells.
Your spell library was empty.

Dungeon Overview and Level Annotations

Branches:
Dungeon (5/15)             Temple (1/1) D:5

Altars:

Shops:
D:5 *:*

Annotations:
D:5 Pikel


Innate Abilities, Weirdness & Mutations

You reflexively headbutt those who attack you in melee.
You have a pair of horns on your head.


Message History

Pikel zaps a wand.
The bolt of acid hits you but does no damage.
The acid corrodes you!
You are splashed with acid!
A shadow imp comes into view.
Your skin crawls.
You feel resistant to hostile enchantments.
You are feeling hungry.
The slave shouts!
The shadow imp shouts, "Back with thee, thou infectious sow-suckled joithead!"
You hear a shout!
A slave comes into view.
Pikel smiles. "I know this place well.
And it is filled with the corpses of daring fools like you!
Won't you join me?"
Pikel zaps a wand.
The bolt of acid hits you!! The acid corrodes you!
You are splashed with acid!
You hit Pikel.
Pikel is lightly wounded.
Pikel zaps a wand.
The bolt of acid hits you!!
* * * LOW HITPOINT WARNING * * *
The acid corrodes you!
You are splashed with acid!
You die...

# ### #. ..# .. .### #.#
#( ..# #.# #.# #.. #.# #..
#..
...#######.########.##..
..p5ppK@................
...####.##.#########.#..
#.##.# #..#. #.. #.##.#
#####.#. #... #.##.#
#......#
##...####..#.######......#
#...........∩.....+......+
#.........##.#.####......#
#.........##...# #......#


You could see Pikel, 3 slaves and a shadow imp.

Vanquished Creatures
  An ogre (D:4)
  A centaur (D:5)
  2 crimson imps (D:5)
  2 hounds
  An orc priest (D:3)
  2 bullfrog skeletons (D:5)
  Ijyb (D:5)
  An iguana (D:5)
  A worker ant (D:5)
  A hound skeleton (D:4)
  A howler monkey skeleton (D:4)
  10 adders
  A shadow imp (D:5)
  4 worms
  3 dart slugs
  2 leopard geckos
  4 orcs
  6 giant cockroaches
  6 goblins
  9 hobgoblins
  7 jackals
  5 kobolds
  3 quokkas
  7 bats
  3 frilled lizards
  A jackal zombie (D:5)
  A quokka skeleton (D:2)
  9 rats
95 creatures vanquished.

Notes
Turn   | Place    | Note
-------+----------+-------------------------------------------
     0 | D:1      | shmeve the Minotaur Berserker began the quest for the Orb.
     0 | D:1      | Reached XP level 1. HP: 19/19 MP: 0/0
   131 | D:1      | Reached XP level 2. HP: 27/27 MP: 1/1
   410 | D:1      | Reached ** piety under Trog
   481 | D:1      | Reached XP level 3. HP: 34/34 MP: 2/2
   650 | D:2      | Reached skill level 1 in Throwing
   870 | D:2      | Reached XP level 4. HP: 37/41 MP: 3/3
  1717 | D:2      | Reached skill level 5 in Fighting
  1876 | D:3      | Reached XP level 5. HP: 47/48 MP: 4/4
  2428 | D:4      | Reached skill level 5 in Axes
  2664 | D:4      | Reached XP level 6. HP: 54/56 MP: 5/5
  3368 | D:5      | Entered Level 5 of the Dungeon
  3368 | D:5      | Found Garhor's General Store.
  3378 | D:5      | Bought a potion of agility for 60 gold pieces
  3378 | D:5      | Bought a scroll of remove curse for 45 gold pieces
  3434 | D:5      | Found Roasch's Book Shop.
  3648 | D:5      | Found a staircase to the Ecumenical Temple.
  3663 | Temple   | Entered the Ecumenical Temple
  3847 | D:5      | Noticed Ijyb
  3857 | D:5      | Killed Ijyb
  3862 | D:5      | Reached XP level 7. HP: 59/63 MP: 6/6
  3896 | D:5      | Reached *** piety under Trog
  4008 | D:5      | Found Dauddiutt's General Store.
  4028 | D:5      | Noticed Pikel
  4033 | D:5      | Splashed by Pikel's acid

Levels and vault maps discovered:
D:1:      dpeg_arrival_prison, layout_basic, minmay_misc_feat_cross
D:2:      layout_rooms, first_ration, serial_forest, infiniplex_forest_lined_2,
          infiniplex_forest_clump_diagonal, infiniplex_forest_lined_2,
          infiniplex_forest_clump_diagonal, infiniplex_forest_join,
          infiniplex_forest_lined_3_way, infiniplex_forest_clump_C
D:3:      layout_basic
D:4:      layout_basic
D:5:      layout_basic, minmay_temple_entry_fiery, serial_shops, shop,
          nicolae_shop_trees, shop, nicolae_shop_crystal, uniq_ijyb, uniq_pikel
Temple:   oiseaux_autumnal_temple

Skill      XL: |  1  2  3  4  5  6  7 |
---------------+----------------------+-----
Fighting       | 4 5 6 |  6.4
Axes           | 4 5 6 |  6.2
Throwing       | 1 2 |  2.7
Armour         | 3 4 |  4.2
Dodging        | 3 |  3.8

Action                   |  1- 3 |  4- 6 |  7- 9 || total
-------------------------+-------+-------+-------++-------
Melee: Hand axe          |    45 |   150 |    28 ||   223
       Headbutt          |     7 |    35 |     8 ||    50
Throw: Javelin           |       |     2 |       ||     2
Invok: Trog's Hand       |       |       |     1 ||     1
 Stab: Sleeping          |     1 |       |       ||     1
  Eat: Chunk             |       |     6 |       ||     6
       Ration            |       |     1 |       ||     1
Armor: Animal skin       |    18 |     9 |       ||    27
       Plate armour      |       |    79 |    23 ||   102
Dodge: Dodged            |    49 |    63 |    14 ||   126
